AoeStats
← simbasdead

Arena

508782920Analyzed
4v4 RM · 9d ago on Sep 24, 2026· 23m 17s· 8 players
Game mode
Random Map
Map size
Large (8 player)
Population
200
Speed
Normal
Resources
Standard
Victory
Conquest
Starting age
Dark Age
Ending age
Imperial Age
RankedLock teamsTeams togetherTeam positionsShared explorationLock speedFull tech treeHidden civsTurbo modeCheats
Victory
Defeat
🇺🇸 Saxons · United States
1204
+10
🇺🇸 Burgundians · United States
1150
+12
🇺🇸 Turks · United States
927
+22
🇺🇸 Bohemians · United States
901
+23
🇺🇸 Burmese · United States
1084
-18
🇮🇳 Byzantines · India
1069
-17
🇺🇸 Aztecs · United States
1038
-16
🇨🇦 Saxons · Canada
1038
-16
big B
12:27 Feudal Age
14:08 Loom
17:46 Castle Age
16:03 Double-Bit Axe
19:59 Wheelbarrow
19:09 Man-at-Arms
19:11 Pikeman
19:55 Squires
19:46 Gambesons
20:48 Long Swordsman
Lord Tay
7:52 Loom
8:32 Loom
11:21 Feudal Age
15:22 Castle Age
15:26 Wheelbarrow
21:19 Sanctity
BuddyDudeMan
9:46 Feudal Age
10:28 Double-Bit Axe
10:54 Stone Mining
11:10 Gold Mining
12:45 Horse Collar
18:38 Wheelbarrow
20:38 Castle Age
21:49 Wheelbarrow
22:45 Forging
22:35 Scale Mail Armor
22:26 Fletching
22:36 Padded Archer Armor
00000
10:40 Feudal Age
12:08 Horse Collar
14:34 Castle Age
12:56 Loom
13:14 Double-Bit Axe
15:30 Heavy Plow
21:31 Wheelbarrow
22:12 Fletching
22:23 Padded Archer Armor
simbasdead
9:58 Feudal Age
11:15 Loom
15:55 Castle Age
20:02 Wheelbarrow
20:06 Gold Mining
20:11 Treadmill Crane
20:35 Double-Bit Axe
aggromouse
4:25 Loom
10:26 Feudal Age
12:08 Double-Bit Axe
14:55 Castle Age
12:56 Horse Collar
15:05 Arson
15:50 Bow Saw
15:34 Gold Mining
17:49 Gambesons
18:43 Wheelbarrow
21:15 Scale Mail Armor
Aesriv
6:21 Double-Bit Axe
11:07 Feudal Age
15:27 Castle Age
13:24 Horse Collar
15:21 Forging
15:22 Scale Barding Armor
15:33 Loom
15:30 Cavalier
drewpoo97
11:59 Feudal Age
12:27 Double-Bit Axe
12:28 Horse Collar
16:48 Wheelbarrow
22:43 Castle Age
23:40 Bow Saw
23:33 Heavy Plow
Connection lost

Rejoining the realm…

Still unreachable

The connection could not be restored.

Session expired

The server has moved on; the page needs a fresh start.